 Dungeon Crawl Stone Soup version 0.19.5 (webtiles) character file.

66 miragecloak the Changer (level 4, 5/42 HPs)
             Began as an Octopode Transmuter on May 17, 2017.
             Quit the game on level 3 of the Dungeon.
             The game lasted 00:01:52 (1935 turns).

miragecloak the Changer (Octopode Transmuter)       Turns: 1935, Time: 00:01:53

Health: 5/42       AC:  1    Str: 14    XL:     4   Next: 15%
Magic:  3/7        EV: 13    Int: 15    God:
Gold:   104        SH:  0    Dex: 13    Spells: 2 memorised, 3 levels left

rFire  . . .     SeeInvis .       - Unarmed
rCold  . . .     Gourm    .     (no shield)
rNeg   . . .     Faith    .     (helmet restricted)
rPois  .         Spirit   .     (no amulet)
rElec  .         Reflect  .     (no ring)
rCorr  .         Harm     .     (no ring)
MR     .....                    (no ring)
Stlth  ..........               (no ring)
                                (no ring)
                                (no ring)
                                (no ring)
                                (no ring)

@: berserking, quite poisoned (5 -> 2), flying, very slightly contaminated,
invisible, very quick
A: almost no armour, stealthy swim, amphibious, 8 rings, constrict 8, camouflage
1, gelatinous body 1
a: no special abilities


You were on level 3 of the Dungeon.
You were not hungry.

You visited 1 branch of the dungeon, and saw 3 of its levels.

You collected 104 gold pieces.

Inventory:

Missiles
 a - 53 arrows
Scrolls
 d - a scroll of blinking {unknown}
 e - a scroll of teleportation {unknown}
 h - 5 scrolls of identify {unknown}
 i - 2 scrolls of enchant weapon {unknown}
 m - a scroll of random uselessness {unknown}
 n - 2 scrolls of amnesia {unknown}
Potions
 f - 2 potions of flight
Books
 b - a book of Changes

   Spells                             Type                      Level
   a - Beastly Appendage              Transmutation                1
   b - Sticks to Snakes               Transmutation                2
   c - Spider Form                    Transmutation/Poison         3
   d - Ice Form                       Ice/Transmutation            4
   e - Blade Hands                    Transmutation                5
Comestibles
 c - 3 bread rations
 g - 5 fruits
 o - 2 slices of pizza


   Skills:
 - Level 1.0 Fighting
 - Level 2.0 Dodging
 - Level 3.0 Unarmed Combat
 - Level 2.0 Spellcasting
 + Level 3.8 Transmutations
 + Level 2.0 Poison Magic


You had 3 spell levels left.
You knew the following spells:

 Your Spells              Type           Power        Failure   Level  Hunger
a - Beastly Appendage     Tmut           ##....       6%          1    #......
b - Spider Form           Tmut/Pois      ##........   24%         3    ###....


Dungeon Overview and Level Annotations

Branches:
Dungeon (3/15)

Altars:


Innate Abilities, Weirdness & Mutations

You cannot wear most types of armour.
You are very stealthy in the water. (Stealth+)
You are amphibious.
You can wear up to eight rings at the same time.
You can use your tentacles to constrict eight enemies at once.
Your skin changes colour to match your surroundings (Stealth+).
Your rubbery body absorbs attacks. (AC +1, EV +1)


Message History

Keep eating? [Y]es or [N]o only, please.
Keep eating?
* * * LOW HITPOINT WARNING * * *
You feel sick.
You continue eating. x2
You finish eating.
That bread ration really hit the spot!
There is a lethal amount of poison in your body!
There is a lethal amount of poison in your body!
It was a potion of flight.
You feel very buoyant.
You fly up into the air.
* * * LOW HITPOINT WARNING * * *
You feel sick.
It was a potion of invisibility.
You fade into invisibility!
It was a potion of berserk rage.
A red film seems to cover your vision as you go berserk!
You feel yourself moving faster!
You feel mighty!
Are you sure you want to abandon this character and quit the game? (Confirm with "yes".)

..........(<......#
#..#####.##.####..#
.........##.#
........##.#. .
#..####.#.# #. #. #
#.#.## #.. ##.#.##
.##
.#######.#.###..
........@.......
######.######.. #.#
#.# #.# #.# #.# #<#
#.#


There were no monsters in sight!

Vanquished Creatures
  An ooze (D:1)
  4 worms
  A dart slug (D:2)
  3 leopard geckos
  7 bats
  A giant cockroach (D:1)
  3 goblins
  9 hobgoblins
  5 kobolds
  A quokka (D:2)
  A ball python (D:1)
  3 frilled lizards
  7 rats
46 creatures vanquished.

Notes
Turn   | Place    | Note
-------+----------+-------------------------------------------
     0 | D:1      | miragecloak the Octopode Transmuter began the quest for the Orb.
     0 | D:1      | Reached XP level 1. HP: 13/13 MP: 3/3
   145 | D:1      | Reached XP level 2. HP: 13/18 MP: 3/5
   690 | D:1      | Reached XP level 3. HP: 21/23 MP: 4/6
   698 | D:1      | Learned a level 3 spell: Spider Form
  1055 | D:2      | Reached skill level 1 in Poison Magic
  1727 | D:2      | Reached XP level 4. HP: 28/28 MP: 3/7
  1935 | D:3      | Quit the game

Skill      XL: |  1  2  3  4 |
---------------+-------------+-----
Transmutations | 3 |  3.8
Poison Magic   | 1 2 |  2.0
Fighting       | |  1.0
Dodging        | |  2.0
Unarmed Combat | |  3.0
Spellcasting   | |  2.0

Action                   |  1- 3 |  4- 6 || total
-------------------------+-------+-------++-------
Melee: Unarmed           |    96 |    10 ||   106
       Constrict         |    18 |     1 ||    19
       Kick              |    14 |       ||    14
       Tentacles         |     9 |       ||     9
       Punch             |     1 |       ||     1
 Cast: Beastly Appendage |    22 |       ||    22
       Spider Form       |     5 |     2 ||     7
  Use: Potion            |       |     3 ||     3
 Stab: Sleeping          |     3 |     1 ||     4
  Eat: Chunk             |     3 |       ||     3
       Bread ration      |       |     1 ||     1
Armor: Skin              |     7 |     1 ||     8
Dodge: Dodged            |    55 |     1 ||    56
